 Dungeon Crawl Stone Soup version 0.19.0-2-gae57169 (webtiles) character file.

113 Kullungy the Cudgeler (level 4, -7/49 HPs)
             Began as an Ogre Berserker on Nov 6, 2016.
             Was a Believer of Trog.
             Killed from afar by an orc wizard (8 damage)
             ... with a puff of flame
             ... on level 3 of the Dungeon.
             The game lasted 00:07:59 (2058 turns).

Kullungy the Cudgeler (Ogre Berserker)              Turns: 2058, Time: 00:08:00

Health: -7/49      AC:  4    Str: 20 (23) XL:     4   Next: 96%
Magic:  4/4        EV: 10    Int:  3 (6)  God:    Trog [**....]
Gold:   34         SH:  0    Dex:  6 (9)  Spells: 0 memorised, 3 levels left

rFire  . . .     SeeInvis .     a - +0 mace
rCold  . . .     Gourm    .     b - +1 animal skin
rNeg   . . .     Faith    .     (no shield)
rPois  .         Spirit   .     (helmet restricted)
rElec  .         Reflect  .     (no cloak)
rCorr  .         Harm     .     (gloves unavailable)
MR     .....                    (boots unavailable)
Stlth  +.........               (no amulet)
                                (no ring)
                                (no ring)

@: exhausted, slowed, very slow
A: unfitting armour, tough skin 1
a: Berserk, Trog's Hand, Burn Spellbooks, Renounce Religion


You were on level 3 of the Dungeon.
You worshipped Trog.
Trog was pleased with you.
You were very hungry.

You visited 1 branch of the dungeon, and saw 3 of its levels.

You collected 34 gold pieces.

Inventory:

Hand Weapons
 a - a +0 mace (weapon)
 j - a +0 hand axe
 s - a +0 falchion
 v - a cursed +0 spear
Missiles
 g - 24 stones (quivered)
 h - 55 sling bullets
 t - 47 arrows
Armour
 b - a +1 animal skin (worn)
 e - a +0 robe
 f - a cursed -1 ring mail
 l - a +0 scale mail
 q - a +0 robe
 w - a +0 pair of gloves
Wands
 p - a wand of slowing (26/48)
Scrolls
 o - a scroll of teleportation
 y - a scroll of magic mapping {unknown}
Potions
 d - a potion of haste
 n - a potion of lignification {unknown}
 r - a potion of flight {unknown}
 u - a potion of curing {unknown}
 x - a potion of agility {unknown}
 z - a potion of brilliance {unknown}
 A - a potion of magic {unknown}
Comestibles
 c - a bread ration
 i - 5 chunks of flesh
 k - a slice of pizza


   Skills:
 + Level 4.7 Fighting
 + Level 5.7 Maces & Flails
 + Level 3.5 Dodging
 + Level 0.4 Stealth


You had 3 spell levels left.
You didn't know any spells.

Dungeon Overview and Level Annotations

Branches:
Dungeon (3/15)

Altars:
Nemelex Xobeh
Okawaru

Annotations:
D:3 Ijyb, Sigmund


Innate Abilities, Weirdness & Mutations

You are too large for most types of armour.
You have tough skin. (AC +1)


Message History

The orc wizard gestures at you while chanting.
The puff of flame hits you!
* * * LOW HITPOINT WARNING * * *
Ijyb hits you with a dagger.
* * * LOW HITPOINT WARNING * * *
The orc barely misses you. The orc closely misses you.
It was a potion of degeneration.
There was something very wrong with that liquid.
You feel weakened.
You feel dopey.
You feel clumsy. The orc hits you.
* * * LOW HITPOINT WARNING * * *
The orc barely misses you. The orc wizard hits you with a dagger.
* * * LOW HITPOINT WARNING * * *
The orc wizard gestures wildly while chanting.
The orc wizard seems to speed up.
Unknown command.
You closely miss the orc wizard. The orc hits you but does no damage.
The orc wizard points at you and mumbles some strange words.
The puff of flame hits you!
You die...

#######+##+##
............#
............#
............#
.......o@...#
......ooog..#
............#
......$.....#
#
............#
#
............#
#
.#########+##


You could see Ijyb, 2 orc wizards and 2 orcs.

Vanquished Creatures
  Jessica (D:2)
  A gnoll (D:2)
  2 adders (D:2)
  An ooze (D:1)
  2 worms (D:2)
  A dart slug (D:1)
  2 orcs (D:3)
  6 bats
  2 giant cockroaches (D:1)
  4 hobgoblins
  5 jackals (D:1)
  4 kobolds
  2 quokkas
  A ball python (D:2)
  3 frilled lizards
  3 goblins (D:1)
  6 rats
46 creatures vanquished.

Notes
Turn   | Place    | Note
-------+----------+-------------------------------------------
     0 | D:1      | Kullungy the Ogre Berserker began the quest for the Orb.
     0 | D:1      | Reached XP level 1. HP: 24/24 MP: 1/1
   131 | D:1      | Reached XP level 2. HP: 11/32 MP: 2/2
   623 | D:1      | Reached XP level 3. HP: 37/40 MP: 3/3
   700 | D:1      | Reached ** piety under Trog
   842 | D:2      | Noticed Jessica
   849 | D:2      | Killed Jessica
   849 | D:2      | Reached skill level 5 in Maces & Flails
   849 | D:2      | Reached XP level 4. HP: 32/49 MP: 4/4
  1759 | D:2      | Found a sparkling altar of Nemelex Xobeh.
  1760 | D:2      | Found an iron altar of Okawaru.
  2038 | D:3      | Noticed Sigmund
  2047 | D:3      | Noticed Ijyb
  2057 | D:3      | HP: 1/49 [orc wizard/dagger (2)]
  2058 | D:3      | Killed from afar by an orc wizard

Skill      XL: |  1  2  3 |
---------------+----------+-----
Dodging        | 3 |  3.5
Maces & Flails | 5 |  5.7
Fighting       | |  4.7
Stealth        | |  0.4

Action                   |  1- 3 |  4- 6 || total
-------------------------+-------+-------++-------
Melee: Mace              |    77 |    97 ||   174
Invok: Berserk           |       |     1 ||     1
       Trog's Hand       |       |     1 ||     1
  Use: Scroll            |       |     5 ||     5
       Potion            |       |     1 ||     1
  Eat: Chunk             |       |     4 ||     4
Armor: Robe              |    20 |    14 ||    34
       Animal skin       |     1 |    18 ||    19
Dodge: Dodged            |    53 |    97 ||   150
